 Dungeon Crawl Stone Soup version 0.19.0-18-g426998a (webtiles) character file.

1847447 Medar the Warrior (level 27, 97/308 HPs)
             Began as a Naga Fire Elementalist on Nov 11, 2016.
             Was the Champion of Cheibriados.
             Escaped with the Orb
             ... and 3 runes on Nov 12, 2016!
             The game lasted 04:25:24 (61309 turns).

Medar the Warrior (Naga Fire Elementalist)         Turns: 61309, Time: 04:25:25

Health: 97/308     AC: 37    Str: 27    XL:     27
Magic:  37/51      EV: 26    Int: 44    God:    Cheibriados [******]
Gold:   1090       SH: 15    Dex: 30    Spells: 9 memorised, 8 levels left

rFire  + + .     SeeInvis +     a - +9 double sword (slice)
rCold  + + +     Gourm    .     (armour currently unavailable)
rNeg   + + +     Faith    .     H - +1 shield {rF+}
rPois  ∞         Spirit   .     R - +3 crown of Dyrovepreva {rElec Int+2 SInv}
rElec  +         Reflect  .     S - +3 cloak "Boneepnitocs" {rF+ rC+ Str+6 Int-5}
rCorr  .         Harm     .     (gloves currently unavailable)
MR     +++++                    (no barding)
Stlth  +.........               V - amulet of regeneration
                                P - ring "Tiyh" {rC+ rN++ MR+ MP+9 Int+2 Slay-3}
                                m - ring "Laithriec" {+Fly MR+ Str-5 Slay+6 Stlth-}

@: brilliant, statue-form, very slightly contaminated, very slow
A: repulsion field 1, see invisible, agile 1, cold resistance 2, deformed body,
dopey 1, frail 1, poison resistance, (slowness 0), slow metabolism 1, spit
poison 1, subdued magic 1, MP-powered wands, constrict 1, sturdy frame 1, AC +9
a: Spit Poison, End Transformation, Bend Time, Temporal Distortion, Slouch, Step
From Time, Renounce Religion, Evoke Flight
0: Orb of Zot
}: 3/15 runes: barnacled, silver, gossamer


You escaped.
You worshipped Cheibriados.
Cheibriados was exalted by your worship.
You were completely stuffed.
You were a stone statue.
You visited 9 branches of the dungeon, and saw 47 of its levels.
You also visited: Desolation.

You collected 6261 gold pieces.
You spent 5171 gold pieces at shops.

Inventory:

Hand Weapons
 a - a +9 double sword of slicing (weapon)
Armour
 k - a +2 pair of gloves of strength (melded)
 x - a +3 naga barding (melded)
 H - a +1 shield of fire resistance (worn)
 O - +4 mottled dragon scales (melded)
 R - the +3 crown of Dyrovepreva (worn) {rElec Int+2 SInv}
   (You found it on level 5 of the Vaults)

   It affects your intelligence (+2).
   It insulates you from electricity.
   It lets you see invisible.
 S - the +3 cloak "Boneepnitocs" (worn) {rF+ rC+ Str+6 Int-5}
   (You found it on level 3 of the Depths)

   It affects your strength (+6).
   It affects your intelligence (-5).
   It protects you from fire.
   It protects you from cold.
Magical Staves
 b - an uncursed staff of conjuration {!a}
 c - an uncursed staff of fire
 d - an uncursed staff of wizardry {!a}
Jewellery
 m - the ring "Laithriec" (left hand) {+Fly MR+ Str-5 Slay+6 Stlth-}
   (You bought it in a shop on level 2 of the Orcish Mines)

   [ring of loudness]

   It affects your strength (-5).
   It affects your accuracy and damage with ranged weapons and melee attacks
   (+6).
   It affects your resistance to hostile enchantments.
   It lets you fly.
   It makes you less stealthy.
 L - an uncursed ring of resist corrosion
 P - the ring "Tiyh" (right hand) {rC+ rN++ MR+ MP+9 Int+2 Slay-3}
   (You found it on level 6 of the Lair of Beasts)

   [ring of magical power]

   It affects your intelligence (+2).
   It affects your accuracy and damage with ranged weapons and melee attacks
   (-3).
   It protects you from cold.
   It greatly protects you from negative energy.
   It affects your resistance to hostile enchantments.
   It affects your magic capacity (+9).
 V - an amulet of regeneration (around neck)
Wands
 l - a wand of acid (4/15)
 o - a wand of paralysis (20/24)
 y - a wand of disintegration (3/24)
 z - a wand of iceblast (10/15)
 K - a wand of digging (12/24)
 U - a wand of heal wounds (3/9)
Scrolls
 f - 5 scrolls of fear
 h - 3 scrolls of fog
 q - 12 scrolls of teleportation
 A - 22 scrolls of remove curse {@r1}
 B - 2 scrolls of summoning
 C - 3 scrolls of identify {@r2}
 D - 4 scrolls of blinking
 E - 4 scrolls of silence {!r}
 X - a scroll of holy word
 Y - 7 scrolls of recharging
Potions
 g - 9 potions of heal wounds
 i - 4 potions of brilliance
 j - 4 potions of ambrosia
 p - 4 potions of might
 r - 5 potions of magic
 s - 14 potions of curing {@q1}
 u - 6 potions of cancellation
 G - 8 potions of flight
 J - 10 potions of agility
 M - 2 potions of resistance
 T - 2 potions of cure mutation {!q}
Miscellaneous
 v - 3 boxes of beasts
 F - 3 phantom mirrors
 W - a lamp of fire
Comestibles
 t - 32 fruits {@e3}
 w - 26 bread rations {@e1}
 I - 12 meat rations {@e2}
 Q - 6 beef jerkies


   Skills:
 * Level 18.8 Fighting
 - Level 16.0 Long Blades
 - Level 10.4 Staves
 + Level 14.7 Armour
 + Level 13.0 Dodging
 - Level 3.3 Stealth
 - Level 9.7 Shields
 + Level 15.2 Spellcasting
 + Level 18.6 Conjurations
 - Level 9.0 Charms
 - Level 8.7 Transmutations
 - Level 11.0 Fire Magic
 - Level 9.0 Air Magic
 + Level 16.9 Earth Magic
 + Level 12.6 Invocations
 - Level 6.7 Evocations


You had 8 spell levels left.
You knew the following spells:

 Your Spells              Type           Power        Failure   Level  Hunger
b - Iron Shot             Conj/Erth      ########..   1%          6    None
c - Bolt of Magma         Conj/Fire/Erth ########..   1%          5    None
m - Orb of Destruction    Conj           ########..   1%          7    ##.....
n - Irradiate             Conj/Tmut      #######...   1%          5    None
q - Statue Form           Tmut/Erth      #######..    1%          6    None
r - Deflect Missiles      Chrm/Air       #######...   1%          6    None
s - Conjure Flame         Conj/Fire      #######.     0%          3    None
v - Lee's Rapid Deconstr  Erth           ########..   0%          5    None
x - Fireball              Conj/Fire      #######...   1%          5    None


Dungeon Overview and Level Annotations

Branches:
Dungeon (15/15)            Temple (1/1) D:6            Lair (6/6) D:11
 Shoals (4/4) Lair:4       Spider (4/4) Lair:2        Slime (0/5) Lair:6
    Orc (2/2) D:9             Elf (0/3) Orc:2        Vaults (5/5) D:14
  Crypt (0/3) Vaults:3     Depths (5/5) D:15            Zot (5/5) Depths:5

Altars:
Ashenzari
Cheibriados
Dithmenos
Elyvilon
Fedhas
Gozag
Hepliaklqana
Kikubaaqudgha
Makhleb
Nemelex Xobeh
Okawaru
Qazlal
Ru
Sif Muna
Trog
Uskayaw
Vehumet
Xom
Yredelemnul
Zin
The Shining One
Jiyva

Shops:
D:8 (   D:14 [   Orc:1 %   Orc:2 (=[*   Vaults:2 %   Vaults:4 (%}   Vaults:5 [
Depths:3 *([   Depths:4 **

Portals:
Hell: Depths:1 Depths:2 Depths:3 Depths:4 Depths:5
Abyss: Depths:1 Depths:2 Depths:3 Depths:4
Pandemonium: Depths:2 Depths:3
Ziggurat: Depths:4

Annotations:
Lair:6 1 runed door
Zot:5 exclusion: 2 upstairs


Innate Abilities, Weirdness & Mutations

You cannot wear boots.
((Your serpentine skin is tough. (AC +9)))
You have supernaturally acute eyesight. (SInv)
Armour fits poorly on your strangely shaped body.
Your system is resistant to poisons. (rPois)
((You cover ground very slowly.))
You have a slow metabolism.
You can spit poison.
You can use your snake-like lower body to constrict enemies.
You are surrounded by a mild repulsion field. (EV +2)
You are agile. (Dex +2)
Your flesh is very cold resistant. (rC++)
You are dopey. (Int -2)
You are frail. (-10% HP)
Your spells are a little easier to cast, but a little less powerful.
You expend magic power (3 MP) to strengthen your wands.
Your movements are slightly less encumbered by armour. (ER -2)


Message History

You block the blizzard demon's attack. The orange demon barely misses you.
The ice devil closely misses you. The blizzard demon closely misses you.
The blizzard demon misses you. Buude hits you. x2; Buude hits you!!
Buude hits you! The ice devil hits you. The ice devil freezes you. You resist.
Buude hits you! You block the orange demon's attack.
The Brimstone Fiend closely misses you. The Brimstone Fiend misses you.
The Brimstone Fiend hits you but does no damage.
You block the ice devil's attack.
There is a staircase leading out of the dungeon here.
Buude hits you but does no damage. x2; You block the orange demon's attack.
The Brimstone Fiend closely misses you.
You riposte.
You open the Brimstone Fiend like a pillowcase!!!
You grab the Brimstone Fiend.
The Brimstone Fiend is severely wounded.
You block the Brimstone Fiend's attack. The Brimstone Fiend misses you.
The ice devil misses you.
You riposte.
You slice the ice devil!!
The ice devil is severely wounded.
Buude hits you!!! Buude freezes you. You block the orange demon's attack.
You have escaped!

#.#......................##.# #.
......#.##...#.......#(..##.####.
....#.#.###.###.....###..##......
.#...[#.# #..#.......#......####.
...####.# #................## #.
..##....###....4(#>.....#..# #.
..##...........4###.....#..# #.
..##...###.....&8#......#..# #.
#####.## ##......1......#..# #.
### #.# #..#.......#.....# #. ..#
#.# #.###.....###.##.# #. #.###.#
#..#.......#..##.# #. #...#.#
#.............##.# #.
#.#.#.##########.......###.#####.
..#.#............#...............


You could see Buude, a Brimstone Fiend, an orange demon and an ice devil.

Vanquished Creatures
  4 pandemonium lords
  4 orbs of fire (Zot:5)
  3 ancient liches
  A juggernaut (Depths:2)
  3 Killer Klowns (Zot:5)
  3 curse toes
  3 caustic shrikes
  Nikola (Spider:4)
  6 golden dragons
  A bone dragon (Depths:5)
  Arachne (Spider:3)
  The ghost of imganon the Devastator, an adept DsWz of Vehumet (Depths:1)
  Jorgrun (Spider:4)
  2 electric golems (Zot:5)
  5 liches
  2 Brimstone Fiends
  4 tentacled monstrosities
  2 Ice Fiends
  28 Orb Guardians
  Asterion (Vaults:3)
  6 titans
  A Hell Sentinel (D:15)
  8 quicksilver dragons
  A kraken (Shoals:2)
  6 sphinxes
  An Executioner (Zot:5)
  4 death cobs
  The ghost of Zebulonius the Executioner, an adept MiBe of Trog (D:14)
  Agnes (Spider:4)
  8 storm dragons
  9 tengu reavers
  Kirke (Lair:6)
  4 draconian monks (Zot:5)
  9 shadow dragons
  Ilsuiw (Shoals:3)
  Roxanne (D:15)
  Donald (Spider:4)
  3 draconian knights
  14 fire giants
  6 deep elf sorcerers
  13 frost giants
  An orc warlord (Orc:2)
  6 ghost moths
  A balrug (Depths:4)
  The ghost of Razmath the Eclecticist, an adept DECj of Vehumet (Spider:4)
  Aizul (Spider:2)
  4 draconian zealots
  5 draconian scorchers
  2 iron dragons
  2 angels (Vaults:3)
  19 vault wardens
  Louise (Depths:1)
  3 draconian shifters
  27 ironheart preservers
  5 emperor scorpions
  A deep elf elementalist (Vaults:5)
  A draconian annihilator (Zot:4)
  3 war gargoyles (Vaults:5)
  31 very ugly things
  4 draconian callers
  29 stone giants
  2 spriggan defenders (Depths:3)
  9 entropy weavers
  5 green draconians
  A vampire knight (Depths:4)
  2 lorocyprocas
  3 purple draconians
  3 deep elf demonologists
  3 black draconians
  7 yellow draconians
  6 spark wasps
  3 mottled draconians
  4 red draconians
  2 deep elf annihilators
  4 white draconians
  3 halazid warlocks (Desolation)
  6 merfolk javelineers (Shoals:4)
  The ghost of zkyp the Grappler, a journeyman TrAr (Orc:1)
  15 ettins
  4 crystal guardians
  Snorg (Lair:5)
  3 deep elf death magi
  Josephine (D:13)
  12 fire dragons
  17 great orbs of eyes
  4 ragged hierophants (Desolation)
  10 merfolk impalers
  A deep elf high priest (Vaults:5)
  30 vault guards
  20 yaktaur captains
  Erolcha (D:9)
  6 rakshasas
  7 peacekeepers (Desolation)
  8 hydras
  10 ice dragons
  A naga warrior (Depths:4)
  9 spriggan air magi
  3 catoblepae (Lair:6)
  A servant of whispers (Desolation)
  An alligator snapping turtle (Shoals:4)
  A merfolk avatar (Shoals:4)
  Erica (Orc:1)
  15 centaur warriors
  2 hell beasts
  3 dancing weapons
  3 satyrs (Shoals:4)
  11 deep troll shamans
  8 death scarabs (Spider:4)
  8 merfolk aquamancers
  A death knight (Vaults:3)
  A tengu warrior (Depths:5)
  20 ogre magi
  A queen ant (Lair:6)
  21 deep troll earth magi
  13 death yaks
  A vampire mage (Depths:4)
  Urug (Lair:3)
  4 spriggan berserkers
  17 hell knights
  4 orc high priests (Orc:2)
  Sonja (D:10)
  A soul eater (Zot:3)
  4 sun demons
  A spectral emperor scorpion (Spider:4)
  8 deep elf knights
  Nergalle (D:12)
  A fire crab (shapeshifter) (Vaults:1)
  5 iron trolls
  14 sea snakes
  7 shadow wraiths
  3 skeletal warriors
  2 shadow demons
  A sixfirhy (Depths:2)
  A glowing orange brain (shapeshifter) (Depths:3)
  3 unseen horrors (shapeshifter)
  A death drake (shapeshifter) (Vaults:3)
  50 deep trolls
  7 flayed ghosts
  6 unseen horrors
  3 deep elf archers (Vaults:5)
  2 glowing orange brains
  A deep troll (shapeshifter) (Depths:1)
  27 harpies
  7 wizards
  Pikel (D:7)
  A wolf spider zombie (D:15)
  13 hill giants
  8 phantasmal warriors
  26 orc knights
  18 ironbrand convokers
  A lindwurm (shapeshifter) (Depths:1)
  39 wolf spiders
  6 spectral wolf spiders (Spider:4)
  7 necromancers
  20 orb spiders
  2 tengu skeletons
  8 orc sorcerers
  10 deep elf magi
  17 manticores
  64 ugly things
  11 moths of wrath
  2 oklob plants (Spider:2)
  13 cyclopes
  10 sirens
  A stone giant skeleton (Vaults:4)
  11 black mambas
  9 fauns
  Maurice (D:9)
  3 guardian serpents (Desolation)
  13 water nymphs
  A frost giant skeleton (D:15)
  An ice statue (D:12)
  19 vault sentinels
  A centaur zombie (D:14)
  3 molten gargoyles
  13 spiny frogs
  An orange demon (Depths:2)
  4 gargoyles
  Psyche (D:9)
  2 yaktaur zombies (Vaults:3)
  5 torpor snails
  4 spectral redbacks
  3 hellwings
  74 yaktaurs
  3 rime drakes
  10 freezing wraiths
  9 komodo dragons
  A spriggan zombie (D:15)
  5 kobold demonologists
  3 efreet (Depths:2)
  A yaktaur (shapeshifter) (Depths:4)
  31 merfolk
  15 demonic crawlers
  8 ice devils
  A redback zombie (Spider:4)
  10 trolls
  2 tengu conjurers
  19 hornets
  A tengu simulacrum (Vaults:1)
  4 meliai (Spider:2)
  A queen bee (D:11)
  8 wind drakes
  4 spectral jumping spiders (Spider:4)
  A polar bear (shapeshifter) (Depths:5)
  A hornet (shapeshifter) (Depths:4)
  4 spectral tarantellas (Spider:4)
  49 jumping spiders
  Grinder (D:4)
  34 saltlings (Desolation)
  3 polar bears
  An ice dragon zombie (D:15)
  22 dream sheep
  30 two-headed ogres
  2 tarantella zombies (Spider:4)
  13 hippogriffs
  2 jumping spider zombies (Spider:4)
  A stone giant simulacrum (Vaults:1)
  5 air elementals
  A frost giant simulacrum (Vaults:1)
  23 slime creatures
  A human simulacrum (Vaults:4)
  13 snapping turtles
  92 redbacks
  10 wraiths
  Sigmund (D:3)
  4 shadows
  An ettin skeleton (Vaults:4)
  29 tarantellas
  13 spriggans
  14 water elementals
  A spriggan (shapeshifter) (Vaults:5)
  2 vampires
  2 hogs (Lair:6)
  An orc simulacrum (Vaults:1)
  5 basilisks
  5 wyverns
  8 hungry ghosts
  52 yaks
  3 golden eyes (Zot:3)
  22 vampire mosquitoes
  A chaos spawn (Zot:3)
  3 mottled dragons
  10 wargs
  A mottled dragon (shapeshifter) (Vaults:5)
  3 insubstantial wisps (Lair:1)
  19 soldier ants
  A naga (Depths:4)
  Edmund (D:3)
  10 water moccasins
  3 floating eyes (shapeshifter)
  A spectral hornet (Spider:4)
  A floating eye (Depths:4)
  11 porcupines
  2 black bears
  2 swamp drakes (Lair:1)
  3 sky beasts
  59 orc warriors
  11 ice beasts
  4 phantoms
  5 ettin simulacra
  An eye of draining (D:14)
  78 ogres
  6 wolves (Lair:3)
  5 boggarts
  21 centaurs
  13 crocodiles
  5 big kobolds
  24 bullfrogs
  A water moccasin zombie (D:6)
  6 scorpions
  15 wights
  19 killer bees
  An elf simulacrum (Vaults:3)
  2 howler monkeys
  An electric eel (D:14)
  7 crimson imps
  2 jellies
  22 orc priests
  A jelly (shapeshifter) (Vaults:5)
  2 gnoll shamans
  Crazy Yiuf (D:3)
  4 hounds
  49 orc wizards
  A bullfrog skeleton (D:13)
  7 centaur skeletons
  5 iguanas
  Terence (D:3)
  A hell rat (D:11)
  21 worker ants
  A killer bee zombie (D:10)
  A hound zombie (D:8)
  2 hound skeletons
  2 howler monkey zombies
  17 gnolls
  A howler monkey skeleton (D:7)
  15 adders
  An adder (shapeshifter) (Vaults:3)
  2 river rats (D:11)
  2 shadow imps (D:14)
  6 ufetubi
  2 adder skeletons
  2 worms (D:2)
  3 dart slugs
  11 leopard geckos
  143 orcs
  7 giant cockroaches
  8 goblins
  11 hobgoblins
  14 jackals
  11 kobolds
  3 quokkas
  13 bats
  6 frilled lizards
  A jackal skeleton (D:6)
  A quokka zombie (D:9)
  10 rats
  2 fungi
  6 plants
  5 withered plants (D:15)
2681 creatures vanquished.

Vanquished Creatures (others)
  A Killer Klown (Zot:5)
  A shadow dragon (Depths:5)
  A rakshasa (Depths:4)
  2 deep trolls
  A moth of wrath (Zot:5)
  A molten gargoyle (Desolation)
  A yaktaur (Depths:1)
  A red devil (Zot:5)
  A hornet (Depths:3)
  2 two-headed ogres
  A human (Lair:6)
  A slave (D:7)
  An orc warrior (Vaults:5)
  A phantom (D:7)
  3 ogres
  A bullfrog (D:7)
  A crimson imp (D:11)
  A hound (D:7)
  A leopard gecko (D:7)
  2 orcs (Vaults:5)
  A giant cockroach (D:7)
  A bush (Lair:6)
  15 fungi
  63 plants
  4 tentacles (Shoals:2)
109 creatures vanquished.

Grand Total: 2790 creatures vanquished

Notes
Turn   | Place    | Note
-------+----------+-------------------------------------------
     0 | D:1      | Medar the Naga Fire Elementalist began the quest for the Orb.
     0 | D:1      | Reached XP level 1. HP: 15/15 MP: 3/3
   182 | D:1      | Reached XP level 2. HP: 22/22 MP: 0/5
   236 | D:1      | Learned a level 2 spell: Throw Flame
   757 | D:1      | Reached XP level 3. HP: 28/28 MP: 3/6
   937 | D:2      | Found a sacrificial altar of Ru.
  1038 | D:2      | Learned a level 3 spell: Conjure Flame
  1148 | D:2      | Reached XP level 4. HP: 26/36 MP: 1/7
  1682 | D:2      | Reached XP level 5. HP: 42/42 MP: 1/8
  1913 | D:2      | Found a shimmering altar of Xom.
  2475 | D:3      | Found a runed door.
  2565 | D:3      | Noticed Sigmund
  2581 | D:3      | Noticed Terence
  2598 | D:3      | Gained mutation: Your flesh is cold resistant. (rC+) [potion of mutation]
  2598 | D:3      | Gained mutation: Your mind is acute. (Int +2) [potion of mutation]
  2598 | D:3      | Gained mutation: You possess an exceptional clarity of mind. [potion of mutation]
  2600 | D:3      | Killed Terence
  2600 | D:3      | Reached skill level 1 in Shields
  2600 | D:3      | Reached XP level 6. HP: 16/49 MP: 0/10
  3129 | D:3      | Learned a level 4 spell: Sticky Flame
  3205 | D:3      | Killed Sigmund
  3493 | D:3      | Found a burning altar of Makhleb.
  3495 | D:3      | Noticed a cacodemon
  3659 | D:3      | Noticed Crazy Yiuf
  3668 | D:3      | Killed Crazy Yiuf
  3668 | D:3      | Reached XP level 7. HP: 55/55 MP: 0/11
  3741 | D:4      | Noticed Edmund
  3779 | D:4      | Noticed Grinder
  4058 | D:4      | Paralysed by Grinder for 3 turns
  4159 | D:4      | Paralysed by Grinder for 6 turns
  4171 | D:4      | Paralysed by Grinder for 2 turns
  4173 | D:4      | Killed Grinder
  4351 | D:4      | Reached XP level 8. HP: 53/62 MP: 3/12
  4444 | D:4      | Found a burning altar of Makhleb.
  4574 | D:3      | Killed Edmund
  4574 | D:3      | Reached skill level 5 in Fire Magic
  4732 | D:4      | Found an opulent altar of Gozag.
  4956 | D:5      | Entered Level 5 of the Dungeon
  5016 | D:5      | Reached skill level 5 in Conjurations
  5451 | D:5      | Noticed a hippogriff
  5459 | D:5      | Killed a hippogriff
  5469 | D:5      | Learned a level 5 spell: Fireball
  6137 | D:6      | Reached XP level 9. HP: 51/68 MP: 3/15
  6177 | D:6      | Found a staircase to the Ecumenical Temple.
  6221 | Temple   | Entered the Ecumenical Temple
  6314 | Temple   | Became a worshipper of Cheibriados the Contemplative
  6526 | D:6      | Found a radiant altar of Vehumet.
  6946 | D:7      | Reached * piety under Cheibriados
  7161 | D:7      | Found a bloodstained altar of Trog.
  7259 | D:7      | Noticed Pikel
  7268 | D:7      | Killed Pikel
  7576 | D:7      | Found a sparkling altar of Nemelex Xobeh.
  7697 | D:7      | Got a jewelled long sword
  7702 | D:7      | Identified the +5 long sword of Dividends {vamp, Stlth+} (You found it on level 7 of the Dungeon)
  7903 | D:7      | Reached skill level 1 in Fighting
  7903 | D:7      | Reached skill level 1 in Staves
  7903 | D:7      | Reached skill level 1 in Invocations
  8021 | D:8      | Noticed a two-headed ogre
  8024 | D:8      | Killed a two-headed ogre
  8024 | D:8      | Reached XP level 10. HP: 61/80 MP: 8/17
  8056 | D:8      | Found Vupraad's Weapon Shoppe.
  8276 | D:8      | Reached skill level 1 in Evocations
  8327 | D:8      | Reached ** piety under Cheibriados
  8529 | D:8      | Found a deep blue altar of Sif Muna.
  8759 | D:9      | Noticed Erolcha
  8763 | D:9      | Killed Erolcha
  9031 | D:9      | Noticed Psyche
  9154 | D:9      | Killed Psyche
  9154 | D:9      | Reached skill level 1 in Armour
  9509 | D:9      | Reached *** piety under Cheibriados
  9856 | D:9      | Reached XP level 11. HP: 69/92 MP: 18/18
  9887 | D:9      | Found a staircase to the Orcish Mines.
  9963 | D:9      | Noticed Maurice
  9972 | D:9      | Killed Maurice
 10195 | D:10     | Entered Level 10 of the Dungeon
 10198 | D:10     | Noticed a hill giant
 10205 | D:10     | Killed a hill giant
 10614 | D:10     | Noticed a hill giant
 10619 | D:10     | Killed a hill giant
 10619 | D:10     | Reached skill level 5 in Invocations
 10751 | D:10     | Reached **** piety under Cheibriados
 10973 | D:10     | Noticed a hill giant
 10977 | D:10     | Killed a hill giant
 11132 | D:10     | Noticed Sonja
 11148 | D:10     | Killed Sonja
 11148 | D:10     | Reached skill level 5 in Staves
 11392 | D:11     | Noticed a hill giant
 11392 | D:11     | Noticed a hill giant
 11506 | D:11     | Reached skill level 5 in Fighting
 11580 | D:11     | Noticed an unseen horror
 11636 | D:11     | Reached ***** piety under Cheibriados
 11701 | D:11     | Reached skill level 5 in Evocations
 11717 | D:11     | Noticed a hill giant
 11729 | D:11     | Killed a hill giant
 11880 | D:11     | Killed an unseen horror
 11880 | D:11     | Reached XP level 12. HP: 52/104 MP: 10/19
 12429 | D:11     | Reached skill level 5 in Spellcasting
 12943 | D:11     | Found a staircase to the Lair.
 12988 | D:11     | Gained mutation: You are agile. (Dex +2) [potion of beneficial mutation]
 12989 | D:11     | Gained mutation: You evolve. [potion of beneficial mutation]
 13173 | D:11     | Lost mutation: You possess an exceptional clarity of mind. [evolution]
 13321 | D:11     | Reached skill level 10 in Fire Magic
 13622 | Lair:1   | Entered Level 1 of the Lair of Beasts
 13645 | Lair:1   | Found a radiant altar of Vehumet.
 15037 | Lair:1   | Reached ****** piety under Cheibriados
 15496 | Lair:2   | Found a hole to the Spider Nest.
 15912 | Lair:2   | Gained mutation: You can use your snake-like lower body to constrict enemies. [Naga growth]
 15912 | Lair:2   | Reached XP level 13. HP: 100/115 MP: 10/22
 16613 | Lair:3   | Noticed Urug
 16618 | Lair:3   | Killed Urug
 17074 | Lair:3   | Reached skill level 1 in Long Blades
 17537 | Lair:4   | Found a staircase to the Shoals.
 17875 | Lair:4   | Reached skill level 5 in Long Blades
 18464 | Lair:5   | Noticed Snorg
 18467 | Lair:5   | Killed Snorg
 19364 | Lair:6   | Entered Level 6 of the Lair of Beasts
 19364 | Lair:6   | Noticed Kirke
 19373 | Lair:6   | Killed Kirke
 19373 | Lair:6   | Reached XP level 14. HP: 107/129 MP: 14/24
 20026 | Lair:6   | Noticed an entropy weaver
 20029 | Lair:6   | Killed an entropy weaver
 20280 | Lair:6   | Noticed an entropy weaver
 20283 | Lair:6   | Killed an entropy weaver
 20376 | Lair:6   | Gained mutation: You are surrounded by a mild repulsion field. (EV +2) [evolution]
 20431 | Lair:6   | Reached skill level 10 in Fighting
 20844 | Lair:6   | Found a runed door.
 20851 | Lair:6   | Found a viscous altar of Jiyva.
 20861 | Lair:6   | Found a staircase to the Slime Pits.
 21504 | Lair:6   | Reached skill level 10 in Staves
 21726 | Lair:6   | Reached skill level 10 in Conjurations
 21858 | Lair:6   | Reached XP level 15. HP: 125/140 MP: 13/27
 22430 | Lair:6   | Got a sparkling bone ring
 22433 | Lair:6   | Identified the ring "Tiyh" {rC+ rN++ MR+ MP+9 Int+2 Slay-3} (You found it on level 6 of the Lair of Beasts)
 22444 | Lair:6   | Learned a level 5 spell: Bolt of Magma
 22452 | Lair:6   | Learned a level 7 spell: Orb of Destruction
 22738 | Orc:1    | Entered Level 1 of the Orcish Mines
 22756 | Orc:1    | Noticed zkyp's ghost (journeyman TrAr)
 22763 | Orc:1    | Killed zkyp's ghost
 22763 | Orc:1    | Reached skill level 1 in Earth Magic
 22768 | Orc:1    | Noticed Erica
 22772 | Orc:1    | Killed Erica
 22987 | Orc:1    | Found Tiroemi's Food Boutique.
 23059 | Orc:2    | Entered Level 2 of the Orcish Mines
 23059 | Orc:2    | Found a staircase to the Elven Halls.
 23248 | Orc:1    | Lost mutation: Your mind is acute. (Int +2) [evolution]
 23334 | Orc:2    | Noticed an orc warlord
 23341 | Orc:2    | Killed an orc warlord
 24901 | Orc:2    | Found Oxuas's General Store.
 24902 | Orc:2    | Found Xeubu's Jewellery Shoppe.
 24903 | Orc:2    | Found Karphops's Antique Armour Shoppe.
 24903 | Orc:2    | Found Haufricw's Antique Weapon Emporium.
 24946 | Orc:2    | Bought 2 potions of heal wounds for 150 gold pieces
 25084 | Orc:2    | Bought a pair of embroidered gloves for 231 gold pieces
 25084 | Orc:2    | Bought a shiny helmet for 231 gold pieces
 25084 | Orc:2    | Bought a spiked scale mail for 198 gold pieces
 25084 | Orc:2    | Bought a shiny shield for 231 gold pieces
 25084 | Orc:2    | Bought a runed helmet for 231 gold pieces
 25129 | Orc:2    | Identified the cursed +1 scale mail of the Komtur {rPois MR++} (You bought it in a shop on level 2 of the Orcish Mines)
 25132 | Orc:2    | Bought a dyed leather armour for 176 gold pieces
 25152 | Orc:2    | Bought the ring "Laithriec" {+Fly MR+ Str-5 Slay+6 Stlth-} for 405 gold pieces
 25344 | D:12     | Reached skill level 5 in Shields
 26349 | D:12     | Noticed Nergalle
 26351 | D:12     | Killed Nergalle
 26712 | D:13     | Gained mutation: Your movements are slightly less encumbered by armour. (ER -2) [evolution]
 26902 | D:13     | Reached XP level 16. HP: 133/148 MP: 26/28
 26995 | D:13     | Noticed Josephine
 26999 | D:13     | Killed Josephine
 27969 | D:14     | Found a gate to the Vaults.
 27996 | D:14     | Found Ade Addo's Armour Shop.
 28000 | D:14     | Noticed Zebulonius's ghost (adept MiBe)
 28015 | D:14     | Killed Zebulonius's ghost
 28893 | D:15     | Entered Level 15 of the Dungeon
 28893 | D:15     | Noticed Roxanne
 29061 | D:15     | Found a staircase to the Depths.
 29416 | D:15     | Gained mutation: Your flesh is very cold resistant. (rC++) [evolution]
 29644 | D:15     | Found a shattered altar of Ashenzari.
 30903 | D:15     | Killed Roxanne
 30904 | D:15     | Identified Roxanne's Handbook of Earth (You took it off Roxanne on level 15 of the Dungeon)
 30969 | D:11     | Learned a level 5 spell: Lee's Rapid Deconstruction
 31043 | Spider:1 | Entered Level 1 of the Spider Nest
 31060 | Spider:1 | Reached skill level 5 in Earth Magic
 31385 | Spider:1 | Reached XP level 17. HP: 154/154 MP: 29/29
 32541 | Spider:2 | Reached skill level 10 in Earth Magic
 32911 | D:11     | Learned a level 6 spell: Statue Form
 33021 | Spider:2 | Reached skill level 1 in Transmutations
 33186 | Spider:2 | Gained mutation: You have a pair of small horns on your head. [evolution]
 33186 | Spider:2 | Lost mutation: You evolve. [end of evolution]
 33969 | Spider:2 | Reached skill level 5 in Transmutations
 34211 | Spider:3 | Noticed Arachne
 34211 | Spider:3 | Noticed Aizul
 34221 | Spider:2 | Killed Aizul
 34278 | Spider:3 | Killed Arachne
 34476 | Spider:3 | Reached XP level 18. HP: 163/163 MP: 30/30
 35185 | Spider:4 | Entered Level 4 of the Spider Nest
 35189 | Spider:4 | Noticed Donald
 35247 | Spider:4 | Killed Donald
 35275 | Spider:4 | Noticed Jorgrun
 35281 | Spider:4 | Killed Jorgrun
 35312 | Spider:4 | Noticed Razmath's ghost (adept DECj)
 35315 | Spider:4 | Killed Razmath's ghost
 35318 | Spider:4 | Noticed Agnes
 35324 | Spider:4 | Killed Agnes
 35527 | Spider:4 | Noticed Nikola
 35534 | Spider:4 | Killed Nikola
 36024 | Spider:4 | Reached skill level 10 in Long Blades
 36050 | Spider:4 | Got a gossamer rune of Zot
 36140 | Spider:4 | Reached XP level 19. HP: 170/170 MP: 27/32
 36640 | Shoals:1 | Entered Level 1 of the Shoals
 37901 | Shoals:3 | Noticed Ilsuiw
 37926 | Shoals:3 | Killed Ilsuiw
 38956 | Shoals:4 | Entered Level 4 of the Shoals
 39698 | Shoals:4 | Reached skill level 15 in Long Blades
 39715 | Shoals:4 | Reached XP level 20. HP: 141/178 MP: 5/33
 40314 | Shoals:4 | Got a barnacled rune of Zot
 40921 | D:11     | Learned a level 6 spell: Iron Shot
 40967 | Vaults:1 | Entered Level 1 of the Vaults
 41386 | Vaults:1 | Reached skill level 5 in Armour
 41390 | Vaults:1 | Reached skill level 5 in Dodging
 41632 | Vaults:1 | Reached XP level 21. HP: 184/184 MP: 34/34
 41762 | Vaults:1 | Got a distressingly furry buckler
 41773 | Vaults:1 | Identified the +3 buckler of Zunilum {rElec Str+3 Dex-4} (You found it on level 1 of the Vaults)
 42791 | Vaults:2 | Found Ezahas's Food Boutique.
 43236 | Vaults:2 | Reached XP level 22. HP: 193/193 MP: 24/35
 43855 | Vaults:3 | Noticed Asterion
 43861 | Vaults:3 | Reached skill level 10 in Armour
 43988 | Vaults:3 | Found a white marble altar of Elyvilon.
 43989 | Vaults:3 | Found a ruined gateway.
 43989 | Vaults:3 | Found a glowing silver altar of Zin.
 44015 | Vaults:3 | Found a glowing golden altar of the Shining One.
 44022 | Desolati | Entered the Desolation of Salt
 44278 | Desolati | Identified Zivvos's Papyrus of the Escort and Necromancy
 44285 | Desolati | Got a bound steel amulet
 44286 | Desolati | Identified the amulet of Gifam {Faith Fragile Str+7} (You found it in the Desolation of Salt)
 44294 | Desolati | Got an ichor-stained chain mail
 44387 | Desolati | Identified the Handbook of Destructive Displacement
 44393 | Desolati | Identified the Volume of Confrontation
 44460 | Desolati | Identified the Grimoire of Ashen Flames
 44463 | Desolati | Got a bloodstained war axe
 44471 | Desolati | Got a faintly glowing ring mail
 44483 | Desolati | Identified the cursed +1 ring mail of the Apprentice {rElec rPois Regen+ Str+3} (You found it in the Desolation of Salt)
 44699 | Vaults:3 | Found an ancient bone altar of Kikubaaqudgha.
 44723 | Vaults:3 | Killed Asterion
 44785 | Vaults:3 | Found a staircase to the Crypt.
 44786 | Vaults:3 | Found a basalt altar of Yredelemnul.
 44948 | Vaults:3 | Reached skill level 10 in Spellcasting
 45667 | Vaults:3 | Reached XP level 23. HP: 201/202 MP: 37/37
 46940 | Vaults:4 | Found Ulialuvi's General Store.
 47287 | Vaults:4 | Found Iwiumm's Food Shop.
 47288 | Vaults:4 | Found Juomarche's Gadget Shop.
 47301 | Vaults:4 | Found Joimmu's Antique Weapon Shop.
 47823 | Vaults:5 | Entered Level 5 of the Vaults
 48044 | Vaults:5 | Noticed a golden dragon
 48186 | Vaults:4 | Reached skill level 15 in Conjurations
 48223 | Vaults:5 | Killed a golden dragon
 48277 | Vaults:4 | Reached XP level 24. HP: 205/213 MP: 37/37
 48402 | Vaults:3 | Learned a level 5 spell: Irradiate
 48710 | Vaults:4 | Reached skill level 10 in Invocations
 50272 | Vaults:5 | Got a silver rune of Zot
 50329 | Vaults:5 | Noticed an ancient lich
 50335 | Vaults:5 | Killed an ancient lich
 50738 | Vaults:5 | Found Plog's Antique Armour Shoppe.
 50795 | Vaults:5 | Reached XP level 25. HP: 225/225 MP: 39/39
 50953 | Vaults:5 | Got a tiger eye-encrusted ring mail
 50967 | Vaults:5 | Identified the +2 ring mail of Porenas {rF+ Regen+ Str+4} (You found it on level 5 of the Vaults)
 51011 | Vaults:5 | Identified the Incunabulum of the Harmful Birds
 51054 | Vaults:5 | Identified the Papyrus of Ensnaring Intoxication
 51426 | Vaults:5 | Identified Qefun's Tome of Boosting Attacks
 51435 | Vaults:5 | Learned a level 6 spell: Deflect Missiles
 51533 | Vaults:5 | Got a smoking ivory amulet
 51604 | Vaults:5 | Got a steaming scimitar
 51730 | Vaults:5 | Reached skill level 1 in Charms
 51731 | Vaults:5 | Reached skill level 1 in Air Magic
 52199 | Depths:1 | Entered Level 1 of the Depths
 52199 | Depths:1 | Noticed imganon's ghost (adept DsWz)
 52205 | Depths:1 | Killed imganon's ghost
 52654 | Depths:1 | Reached skill level 5 in Charms
 52659 | Depths:1 | Reached skill level 5 in Air Magic
 52976 | Vaults:5 | Bought a naga barding for 713 gold pieces
 52976 | Vaults:5 | Bought a glowing cloak for 325 gold pieces
 53360 | Orc:2    | Bought a scroll of fear for 52 gold pieces
 53360 | Orc:2    | Bought a scroll of magic mapping for 52 gold pieces
 53602 | Depths:1 | Noticed Louise
 53604 | Depths:1 | Killed Louise
 53787 | Depths:1 | Found a one-way gate to the infinite horrors of the Abyss.
 54361 | Depths:1 | Found a gateway to Hell.
 54435 | Depths:2 | Identified the amulet of Harmony {Reflect rF- MP+9 Str+9 SH+3} (You took it off an ironbrand convoker on level 5 of the Vaults)
 54628 | Depths:2 | Reached XP level 26. HP: 173/234 MP: 39/39
 55027 | Depths:2 | Found a one-way gate leading to the halls of Pandemonium.
 55633 | Depths:2 | Noticed a juggernaut
 55644 | Depths:2 | Killed a juggernaut
 55644 | Depths:2 | Reached skill level 10 in Dodging
 55920 | Depths:3 | Found Avisiuda's Weapon Shop.
 55960 | Depths:3 | Got a polished hand axe
 56364 | Depths:3 | Got a heavily runed cloak
 56375 | Depths:3 | Identified the +3 cloak "Boneepnitocs" {rF+ rC+ Str+6 Int-5} (You found it on level 3 of the Depths)
 56464 | Depths:3 | Found Qufrergh's Armour Shop.
 56516 | Depths:3 | Got a fine robe
 56583 | Depths:3 | Found Yfahoceu's Assorted Antiques.
 56603 | Depths:3 | Bought a potion of heal wounds for 190 gold pieces
 56603 | Depths:3 | Bought a potion of might for 152 gold pieces
 56603 | Depths:3 | Bought 2 potions of might for 304 gold pieces
 56603 | Depths:3 | Bought a potion of cancellation for 304 gold pieces
 56603 | Depths:3 | Bought a potion of agility for 152 gold pieces
 57140 | Depths:4 | Found Sawnam's Assorted Antiques.
 57143 | Depths:4 | Bought a shiny shield for 451 gold pieces
 57143 | Depths:4 | Bought a scroll of enchant armour for 322 gold pieces
 57143 | Depths:4 | Bought a scroll of teleportation for 129 gold pieces
 57249 | Depths:4 | Reached skill level 15 in Fighting
 57258 | Depths:4 | Reached XP level 27. HP: 248/248 MP: 40/40
 57478 | Depths:4 | Found a gateway to a ziggurat.
 57593 | Depths:4 | Bought a wand of disintegration for 172 gold pieces
 57666 | Depths:4 | Reached skill level 15 in Earth Magic
 57949 | Depths:4 | Found Qyamnoemig's Serpentskin Sales.
 57997 | Depths:4 | Identified Qathamm's Thaumaturgy in Simple Steps
 58251 | Depths:5 | Entered Level 5 of the Depths
 58778 | Depths:5 | Found a gate to the Realm of Zot.
 58991 | Zot:1    | Entered Level 1 of the Realm of Zot
 59281 | Zot:5    | Entered Level 5 of the Realm of Zot
 59741 | Zot:4    | Noticed an orb of fire
 59743 | Zot:4    | Gained mutation: You are frail. (-10% HP) [an orb of fire]
 59747 | Zot:4    | Gained mutation: You expend magic power (3 MP) to strengthen your wands. [an orb of fire]
 59750 | Zot:4    | Gained mutation: Your spells are a little easier to cast, but a little less powerful. [an orb of fire]
 60070 | Zot:5    | Noticed an ancient lich
 60079 | Zot:5    | Killed an ancient lich
 60143 | Zot:5    | Noticed an orb of fire
 60148 | Zot:5    | Noticed an orb of fire
 60149 | Zot:5    | Noticed an orb of fire
 60151 | Zot:5    | Killed an orb of fire
 60156 | Zot:5    | Killed an orb of fire
 60161 | Zot:5    | Gained mutation: You are dopey. (Int -2) [an orb of fire]
 60164 | Zot:5    | Lost mutation: You have a pair of small horns on your head. [an orb of fire]
 60167 | Zot:5    | Killed an orb of fire
 60256 | Zot:5    | Noticed an ancient lich
 60271 | Zot:5    | Killed an ancient lich
 60507 | Zot:5    | Noticed an orb of fire
 60518 | Zot:5    | Killed an orb of fire
 60631 | Zot:5    | Got the Orb of Zot
 60711 | Zot:5    | Noticed Ibexzynn the pandemonium lord
 60721 | Zot:5    | Killed Ibexzynn the pandemonium lord
 60729 | Zot:5    | Noticed Bousk the pandemonium lord
 60739 | Zot:5    | Killed Bousk the pandemonium lord
 60825 | Zot:3    | Noticed Axur Tiegal the pandemonium lord
 60838 | Zot:3    | Reached skill level 15 in Spellcasting
 60838 | Zot:3    | Killed Axur Tiegal the pandemonium lord
 61049 | D:15     | Noticed Qeimur the pandemonium lord
 61058 | D:15     | Killed Qeimur the pandemonium lord
 61306 | D:1      | Noticed Buude the pandemonium lord
 61309 | D:$      | Escaped with the Orb!

Skill      XL: |  1  2  3  4  5  6  7  8  9 10 11 12 13 14 15 16 17 18 19 20 21 22 23 24 25 26 27 |
---------------+----------------------------------------------------------------------------------+-----
Conjurations   | 2 3 4 6 7 8 10 12 13 14 15 16 18 | 18.6
Fire Magic     | 4 6 8 9 10 11 | 11.0
Spellcasting   | 3 4 6 8 9 10 12 13 15 | 15.2
Shields        | 1 3 4 6 9 |  9.7
Fighting       | 2 4 5 7 9 10 11 12 13 15 18 | 18.8
Staves         | 1 4 6 7 8 10 | 10.4
Invocations    | 2 7 8 9 11 12 | 12.6
Evocations     | 4 5 6 |  6.7
Armour         | 1 2 3 6 9 11 12 13 14 | 14.7
Dodging        | 2 3 4 5 7 9 10 13 | 13.0
Long Blades    | 5 10 15 16 | 16.0
Earth Magic    | 3 5 10 11 12 13 14 16 | 16.9
Transmutations | 7 8 |  8.7
Charms         | 9 |  9.0
Air Magic      | 9 |  9.0
Stealth        | |  3.3

Action                   |  1- 3 |  4- 6 |  7- 9 | 10-12 | 13-15 | 16-18 | 19-21 | 22-24 | 25-27 || total
-------------------------+-------+-------+-------+-------+-------+-------+-------+-------+-------++-------
Melee: Unarmed           |     6 |     2 |       |       |       |       |       |       |       ||     8
       Flail             |       |    48 |    75 |       |       |       |       |       |       ||   123
       Short sword       |       |       |    17 |     7 |       |       |       |       |       ||    24
       Staff             |       |       |    14 |   447 |   548 |   529 |   110 |    27 |       ||  1675
       Constrict         |       |       |       |       |   123 |   155 |    93 |   150 |   276 ||   797
       Double sword      |       |       |       |       |     6 |   204 |   214 |   570 |  1397 ||  2391
       Headbutt          |       |       |       |       |       |    98 |   139 |   257 |   564 ||  1058
Throw: Throwing net      |       |     1 |       |       |       |       |       |       |       ||     1
 Cast: Flame Tongue      |    54 |   130 |   116 |     1 |       |       |       |       |       ||   301
       Throw Flame       |       |     4 |    76 |   275 |   320 |    72 |       |       |       ||   747
       Conjure Flame     |       |     2 |     8 |     4 |       |       |       |       |       ||    14
       Sticky Flame      |       |       |    15 |    35 |    20 |     1 |       |       |       ||    71
       Fireball          |       |       |       |    29 |   111 |   174 |   271 |   100 |    34 ||   719
       Orb of Destructio |       |       |       |       |     1 |     9 |       |     3 |     3 ||    16
       Bolt of Magma     |       |       |       |       |     1 |     2 |     6 |     8 |     5 ||    22
       Statue Form       |       |       |       |       |       |    18 |    22 |    59 |    87 ||   186
       Lee's Rapid Decon |       |       |       |       |       |     2 |       |    79 |    45 ||   126
       Iron Shot         |       |       |       |       |       |       |     2 |     7 |    15 ||    24
       Irradiate         |       |       |       |       |       |       |       |     8 |    15 ||    23
       Deflect Missiles  |       |       |       |       |       |       |       |       |    12 ||    12
Invok: Slouch            |       |       |       |       |     6 |     7 |     3 |     3 |    11 ||    30
 Abil: Spit Poison       |     7 |    14 |    13 |     8 |     1 |       |       |       |       ||    43
       End Transformatio |       |       |       |       |       |       |       |     1 |    11 ||    12
       Evoke Flight      |       |       |       |       |       |       |       |       |     1 ||     1
Evoke: Wand              |       |       |       |     2 |     5 |     1 |     1 |       |    20 ||    29
  Use: Scroll            |     1 |     3 |     7 |     6 |    11 |    16 |     2 |    10 |    24 ||    80
       Potion            |       |     3 |       |     2 |     6 |     6 |     2 |       |    13 ||    32
 Stab: Distracted        |       |     1 |       |       |     1 |     3 |     1 |     4 |     4 ||    14
       Sleeping          |       |       |       |     1 |     4 |     2 |     2 |     1 |     4 ||    14
       Paralysed         |       |       |       |       |       |       |     2 |       |       ||     2
       Confused          |       |       |       |       |       |       |       |       |     1 ||     1
  Eat: Chunk             |     1 |     7 |    11 |    24 |    30 |    26 |    20 |    18 |    14 ||   151
       Beef jerky        |       |     1 |       |     1 |       |       |       |       |       ||     2
       Meat ration       |       |       |     1 |     1 |       |       |       |       |     5 ||     7
       Bread ration      |       |       |     1 |       |       |       |       |       |       ||     1
       Royal jelly       |       |       |       |     1 |     1 |     3 |     1 |     2 |     1 ||     9
       Pizza             |       |       |       |       |     1 |     2 |       |     1 |     2 ||     6
Armor: Robe              |    13 |    46 |    70 |   160 |    96 |       |       |       |       ||   385
       Leather armour    |       |       |       |       |    13 |       |       |       |       ||    13
       Mottled dragon sc |       |       |       |       |    10 |   299 |    76 |    53 |   181 ||   619
       Skin              |       |       |       |       |       |   179 |   118 |   318 |   647 ||  1262
Dodge: Dodged            |    25 |    71 |    86 |   223 |   281 |   542 |   248 |   627 |  1504 ||  3607
       Deflected         |       |       |       |       |       |       |       |       |   107 ||   107
Block: Buckler           |       |    12 |    56 |   144 |   153 |       |       |       |       ||   365
       Shield            |       |       |       |       |    66 |   770 |   394 |   611 |  1484 ||  3325
       Rpst.: Double sword |       |       |       |       |       |    38 |    28 |   117 |   255 ||   438
